 Dungeon Crawl Stone Soup version 0.31-a0-83-gbff143cfd1 (webtiles) character file.

Game seed: 10456364290000871075

53 frimble the Cutter (level 3, 0/24 HPs)
             Began as an Octopode Warper on May 24, 2023.
             Slain by an iguana (11 damage)
             ... on level 3 of the Dungeon.
             The game lasted 00:02:05 (1485 turns).

frimble the Cutter (Octopode Warper)                Turns: 1485, Time: 00:02:06

Health: 0/24       AC:  1    Str: 10    XL:     3   Next: 87%
Magic:  6/6        EV: 13    Int: 17    God:
Gold:   84         SH:  0    Dex: 11    Spells: 2/6 levels left

rFire   . . .        a - +0 short sword
rCold   . . .        (no shield)
rNeg    + . .        h - +0 hat
rPois   .            j - amulet of magic regeneration
rElec   .            f - ring of positive energy
rCorr   .            k - ring of see invisible
SInv    +            n - ring of willpower
Will    +....        (no ring)
Stlth   ++           (no ring)
HPRegen 0.24/turn    (no ring)
MPRegen 0.50/turn    (no ring)
                     (no ring)

%: no passive effects
@: no status effects
A: almost no armour, amphibious, 8 rings, camouflage 1, gelatinous body 1,
(nimble swimmer 1), tentacles
a: no special abilities


You were on level 3 of the Dungeon.
You visited 1 branch of the dungeon, and saw 3 of its levels.

You collected 84 gold pieces.

Inventory:

Hand Weapons
 a - a +0 short sword (weapon)
Missiles
 c - 12 boomerangs of dispersal (quivered)
Armour
 h - a +0 hat (worn)
Jewellery
 f - a ring of positive energy (left tentacle)
 j - an amulet of magic regeneration (around mantle)
 k - a ring of see invisible (right tentacle)
 n - a ring of willpower (on tentacle)
Scrolls
 b - a scroll of blinking
 g - a scroll of brand weapon
 i - a scroll of teleportation
 o - a scroll of magic mapping {unknown}
Potions
 d - a potion of invisibility {unknown}
 e - 4 potions of curing {unknown}
 l - a potion of haste {unknown}
 m - a potion of heal wounds {unknown}


   Skills:
 - Level 2.0 Fighting
 + Level 4.1 Short Blades
 - Level 1.0 Throwing
 - Level 2.3 Dodging
 - Level 2.0 Spellcasting
 - Level 3.0 Translocations


You had 2 spell levels left.
You knew the following spells:

 Your Spells              Type           Power      Damage    Failure   Level
a - Blink                 Tloc           22%        N/A       9%          2
b - Lesser Beckoning      Tloc           22%        N/A       9%          2

Your spell library contained the following spells:

 Spells                   Type           Power      Damage    Failure   Level
 Necrotise                Necr           4%         1d4       19%         1
 Teleport Other           Tloc           11%        N/A       17%         3
 Vhi's Electric Charge    Tloc/Air       10%        N/A       34%         3
 Vampiric Draining        Necr           1%         2d6       50%         3
 Manifold Assault         Tloc           11%        N/A       50%         4
 Agony                    Necr           1%         N/A       99%         5


Dungeon Overview and Level Annotations

Branches:
Dungeon (3/15)

Altars:

Shops:
D:1 (

Annotations:
D:2 exclusion: hobgoblin, Sigmund


Innate Abilities, Weirdness & Mutations

You cannot wear most types of armour.
You are amphibious.
You can wear up to eight rings at the same time.
Your skin changes colour to match your surroundings (Stealth+).
Your rubbery body absorbs attacks. (AC +1, EV +1)
((You are camouflaged when in or above water. (Stealth+)))
You have tentacles for arms and can constrict up to eight enemies at once.


Message History

You are frozen.
You are too injured to fight recklessly!
You are too injured to fight recklessly!
You are too injured to fight recklessly!
You are too injured to fight recklessly!
You are too injured to fight recklessly!
You are too injured to fight recklessly!
You are too injured to fight recklessly!
You are too injured to fight recklessly!
You hit the endoplasm but do no damage. You squeeze the endoplasm.
You kill the endoplasm!
Throw: 13 boomerangs (disperse)
Press: ? - help, Q - select action, (/) - cycle Shift-Dir - straight line, f - iguana
Aim: an iguana (60% to hit)
You throw a boomerang of dispersal.
The boomerang of dispersal hits the iguana and shatters for extra damage.
The iguana blinks!
The iguana is moderately wounded.
k - a ring of see invisible (right tentacle)
n - a ring of willpower (on tentacle)
You hit the iguana but do no damage. Your grab misses the iguana.
You squeeze the iguana, but do no damage.
The iguana is moderately wounded.
The iguana closely misses you.
You closely miss the iguana. Your grab misses the iguana.
The iguana is moderately wounded.
The iguana bites you!
You barely miss the iguana. You grab the iguana.
The iguana is moderately wounded.
You constrict the iguana, but do no damage.
The iguana bites you.
You hit the iguana.
You squeeze the iguana, but do no damage.
The iguana is heavily wounded.
You constrict the iguana, but do no damage.
You hit the iguana.
The iguana is heavily wounded.
You constrict the iguana, but do no damage.
The iguana bites you!
You die...

...................#..#..###.##
...........####.#..#..#..# #.#
#...#.................#..###.#
...........####.#..#.........#
...........# #.#............#
#.#...#....####.#..#####.##.##
#.....#..............###.##.# #
....##...............#.##.# ..
............l@..#####.##.# ..
...##..†##.#..### #.##.# ...
.....(......$... .....# #.
..###...##.#..#.#.. .. ### #
...............
###.#.##.#..#....
.......#........
........####..#.#


You could see an iguana.

Vanquished Creatures
  2 worms
  A dart slug (D:2)
  4 ball pythons
  5 endoplasms
  7 goblins
  4 hobgoblins
  2 jackals (D:3)
  3 kobolds (D:1)
  2 quokkas
  6 bats
  3 frilled lizards
  2 rats
41 creatures vanquished.

Notes
Turn   | Place    | Note
-------+----------+-------------------------------------------
     0 | D:1      | frimble the Octopode Warper began the quest for the Orb.
     0 | D:1      | Reached XP level 1. HP: 14/14 MP: 3/3
    74 | D:1      | You fall into a shaft and drop 1 floor!
   175 | D:2      | Reached XP level 2. HP: 19/19 MP: 5/5
   259 | D:2      | Noticed Sigmund
   353 | D:2      | Reached skill level 3 in Short Blades
   481 | D:2      | Reached XP level 3. HP: 23/24 MP: 6/6
   488 | D:2      | Learned a level 2 spell: Blink
   520 | D:1      | Found Taohobreuwa's Weapon Emporium.
   633 | D:1      | Learned a level 2 spell: Lesser Beckoning
  1404 | D:3      | Reached skill level 4 in Short Blades
  1485 | D:3      | Slain by an iguana

Illustrated notes

Levels and vault maps discovered:
D:1:      dpeg_arrival_simpleton_b, layout_loops_ring, serial_shops,
          nicolae_shop_bloodbath_and_beyond
D:2:      layout_rooms, uniq_sigmund
D:3:      layout_basic, uniq_natasha

Skill      XL: |  1  2  3 |
---------------+----------+-----
Short Blades   | 3 4 |  4.1
Fighting       | |  2.0
Throwing       | |  1.0
Dodging        | |  2.3
Spellcasting   | |  2.0
Translocations | |  3.0

Action                     || total
---------------------------++-------
  Melee: Short sword       ||   103
         Tentacles         ||    23
         Constrict         ||    18
         Punch             ||     2
  Throw: Boomerang         ||     1
   Cast: Lesser Beckoning  ||     1
    Use: Scroll            ||     2
   Stab: Sleeping          ||     6
 Armour: Skin              ||    10
  Dodge: Dodged            ||    51

Table legend: (Time is in decaauts)
 A = Elapsed time spent in this place.
 B = Non-inter-level travel time spent in this place.
 C = Inter-level travel time spent in this place.
 D = Time resting spent in this place.
 E = Time spent auto-exploring this place.
 F = Levels seen in this place.
 G = Mean time per level.
                   A        B        C        D        E       F      G
               +--------+--------+--------+--------+--------+-----+--------+
         Total |   1467 |   1368 |     99 |      0 |   1049 |   3 |  489.0 |
       Dungeon |   1467 |   1368 |     99 |      0 |   1049 |   3 |  489.0 |
               +--------+--------+--------+--------+--------+-----+--------+

Top non-repeatable levels by time:
     D:1: 769 daAuts
     D:2: 466 daAuts
     D:3: 231 daAuts
